 Dungeon Crawl Stone Soup version 0.21.1-1-g345015fe64 (webtiles) character file.

49 Revguard the Skirmisher (level 3, 0/29 HPs)
             Began as a Demonspawn Abyssal Knight on June 4, 2018.
             Was a Follower of Lugonu.
             Slain by Robin
             ... wielding a +0 club
              (2 damage)
             ... on level 2 of the Dungeon.
             The game lasted 00:09:34 (1405 turns).

Revguard the Skirmisher (Demonspawn Abyssal Knight) Turns: 1405, Time: 00:09:37

Health: 0/29       AC:  3    Str: 10 (13) XL:     3   Next: 53%
Magic:  4/4        EV: 11    Int: 10 (13) God:    Lugonu [*.....]
Gold:   76         SH:  0    Dex:  9 (12) Spells: 4/4 levels left

rFire    . . .     SeeInvis .   a - +1 hand axe
rCold    . . .     Gourm    .   (no shield)
rNeg     . . .     Faith    .   b - +0 leather armour
rPois    .         Spirit   .   (no helmet)
rElec    .         Reflect  .   (no cloak)
rCorr    .         Harm     .   (no gloves)
MR       .....                  (no boots)
Stlth    +.........             (no amulet)
HPRegen  0.09/turn              (no ring)
MPRegen  0.09/turn              (no ring)

@: no status effects
A: demonic guardian 2
a: Depart the Abyss, Renounce Religion


You were on level 2 of the Dungeon.
You worshipped Lugonu.
Lugonu was aware of your devotion.
You were not hungry.

You visited 1 branch of the dungeon, and saw 2 of its levels.
You visited the Abyss 1 time.

You collected 76 gold pieces.

Inventory:

Hand Weapons
 a - a +1 hand axe (weapon)
Armour
 b - a +0 leather armour (worn)
Scrolls
 e - 2 scrolls of identify {unknown}
 f - 2 scrolls of amnesia {unknown}
 g - a scroll of enchant armour {unknown}
Comestibles
 c - 2 rations


   Skills:
 + Level 3.5 Fighting
 + Level 2.4 Axes
 + Level 2.0 Armour
 + Level 0.9 Dodging
 * Level 1.3 Spellcasting
 + Level 2.5 Invocations


You had 4 spell levels left.
You didn't know any spells.

Dungeon Overview and Level Annotations

Branches:
Dungeon (2/15)

Altars:

Annotations:
D:2 Robin


Innate Abilities, Weirdness & Mutations

A demonic guardian rushes to your aid.


Message History

The goblin is severely wounded.
Robin throws the goblin at you! The goblin hits you with a dagger.
Press: ? - help, v - describe, . - travel
Here: Robin, wielding a club, wearing an animal skin and wearing a helmet (fast)
The floor, spattered with blood.
There are monsters nearby!
Press: ? - help, v - describe, . - travel The floor, spattered with blood.
There are monsters nearby!
You hit Robin but do no damage. You miss the goblin.
The goblin barely misses you. Robin hits you with a club.
The goblin hits you with a dagger!
* * * LOW HITPOINT WARNING * * *
It was a potion of degeneration.
There was something very wrong with that liquid.
You feel weakened.
You feel dopey.
You feel clumsy. Robin hits you with a club.
* * * LOW HITPOINT WARNING * * *
Robin hits you with a club.
You die...

#.#########
###.##..g...#
...........#
#.##......#
#####.g.......g
#......##.#####
#.#.......#
######.#.#..##.#
#.g@g.†........#
#..#############
#..# #..# #..#
######..#
........###
.......<..#
.####...###


You could see Robin and a goblin.

Vanquished Creatures
  An adder (D:2)
  2 oozes (D:1)
  A worm (D:2)
  2 dart slugs (D:1)
  2 leopard geckos (D:1)
  A ball python (D:1)
  3 giant cockroaches (D:1)
  2 hobgoblins (D:1)
  4 bats (D:1)
  A frilled lizard (D:1)
  2 goblins (D:1)
  A kobold (D:1)
  2 rats (D:1)
24 creatures vanquished.

Notes
Turn   | Place    | Note
-------+----------+-------------------------------------------
     0 | Abyss:1  | Revguard the Demonspawn Abyssal Knight began the quest for the Orb.
     0 | Abyss:1  | Reached XP level 1. HP: 18/18 MP: 2/2
    83 | Abyss:1  | Noticed an iron imp
   135 | Abyss:1  | Noticed a tentacled starspawn
   137 | D:1      | Escaped the Abyss
   323 | D:1      | Gained mutation: A weak demonic guardian rushes to your aid. [demonic ancestry]
   323 | D:1      | Reached XP level 2. HP: 24/24 MP: 3/3
   434 | D:1      | Reached * piety under Lugonu
   665 | D:1      | Reached skill level 1 in Spellcasting
   715 | D:1      | Gained mutation: A demonic guardian rushes to your aid. [demonic ancestry]
   715 | D:1      | Reached XP level 3. HP: 22/29 MP: 4/4
  1387 | D:2      | Noticed Robin
  1405 | D:2      | Slain by Robin

Skill      XL: |  1  2  3 |
---------------+----------+-----
Axes           | 2 |  2.4
Spellcasting   | 1 |  1.3
Armour         | 2 |  2.0
Fighting       | |  3.5
Dodging        | |  0.9
Invocations    | |  2.5

Action                   || total
-------------------------++-------
Melee: Hand axe          ||    80
Invok: Depart the Abyss  ||     1
  Use: Potion            ||     1
 Stab: Sleeping          ||     1
  Eat: Ration            ||     1
Armor: Leather armour    ||    23
Dodge: Dodged            ||    51
